 Dungeon Crawl Stone Soup version 0.24-a0-584-g9d6b971 (webtiles) character file.

Game seed: 13145995456815663027, levelgen mode: deterministic

113 paralogiki the Grave Robber (level 4, -26/34 HPs)
             Began as a Mummy Necromancer on Sept 5, 2019.
             Annihilated by a shadow (28 damage)
             ... summoned by miscasting Animate Dead
             ... on level 3 of the Dungeon.
             The game lasted 00:03:42 (2406 turns).

paralogiki the Grave Robber (Mummy Necromancer)     Turns: 2406, Time: 00:03:42

Health: -26/34     AC:  7    Str: 11    XL:     4   Next: 65%
Magic:  2/9        EV: 12    Int: 15    God:
Gold:   104        SH:  0    Dex: 12    Spells: 1/10 levels left

rFire    x . .     SeeInvis .   b - +0 dagger (protect)
rCold    + . .     Gourm    .   (no shield)
rNeg     + + +     Faith    .   a - +0 robe
rPois    ∞         Spirit   .   f - +0 helmet
rElec    .         Reflect  .   h - +2 cloak
rCorr    +         Harm     .   (no gloves)
MR       .....                  i - +0 pair of boots
Stlth    ++........             (no amulet)
HPRegen  0.11/turn              k - ring of resist corrosion
MPRegen  0.11/turn              (no ring)

@: about to teleport, very slightly contaminated
A: no food or potions, fire vulnerability, cold resistance 1, negative energy
resistance 3, torment resistance, unbreathing
a: no special abilities


You were on level 3 of the Dungeon.
You were not hungry.

You visited 1 branch of the dungeon, and saw 3 of its levels.

You collected 104 gold pieces.

Inventory:

Hand Weapons
 b - a +0 dagger of protection (weapon)
   (You found it on level 1 of the Dungeon)
Armour
 a - a +0 robe (worn)
 f - a +0 helmet (worn)
   (You found it on level 1 of the Dungeon)
 h - a +2 cloak (worn)
   (You found it on level 1 of the Dungeon)
 i - a +0 pair of boots (worn)
   (You found it on level 1 of the Dungeon)
Jewellery
 k - a ring of resist corrosion (left hand)
   (You found it on level 2 of the Dungeon)
Wands
 m - a wand of digging (4)
   (You found it on level 2 of the Dungeon)
Scrolls
 c - 2 scrolls of identify {@r1}
 e - 2 scrolls of remove curse {@r2}
 g - a scroll of fog
 j - a scroll of noise {!r}
 l - a scroll of blinking {unknown}
 n - a scroll of amnesia {unknown}


   Skills:
 * Level 2.5 Fighting
 - Level 1.5 Dodging
 - Level 1.5 Stealth
 + Level 3.6 Spellcasting
 * Level 4.9 Necromancy


You had one spell level left.
You knew the following spells:

 Your Spells              Type           Power        Failure   Level  Hunger
a - Pain                  Necr           ###.         2%          1    N/A
b - Animate Dead          Necr           N/A          24%         4    N/A
x - Vampiric Draining     Necr           ###.......   8%          3    N/A
A - Animate Skeleton      Necr           N/A          2%          1    N/A

Your spell library contained the following spells:

 Spells                   Type           Power        Failure   Level  Hunger
 Regeneration             Chrm/Necr      Unusable     N/A         3    N/A

Dungeon Overview and Level Annotations

Branches:
Dungeon (3/15)

Altars:
Hepliaklqana


Innate Abilities, Weirdness & Mutations

You do not eat or drink.
Your flesh is vulnerable to fire.
You are immune to poison.
Your flesh is cold resistant. (rC+)
You are immune to negative energy. (rN+++)
You are immune to unholy pain and torment.
You can survive without breathing.


Message History

Aim: an orc, wielding a +0 flail (almost dead, chance to defeat MR: 87%)
The orc writhes in agony.
You kill the orc!
You now have 7/9 mp.
Aim: an orc wizard, wielding a +0 dagger and wearing a +0 robe (chance to defeat MR: 75%)
The orc wizard writhes in agony.
You now have 6/9 mp.
Aim: an orc wizard, wielding a +0 dagger and wearing a +0 robe (lightly wounded, chance to defeat MR: 75%)
The orc wizard writhes in agony.
The orc wizard mumbles some strange words.
The orc wizard blinks!
You now have 5/9 mp.
Aim: an orc wizard, wielding a +0 dagger and wearing a +0 robe (heavily wounded, chance to defeat MR: 75%)
The orc wizard writhes in agony!
The orc wizard gestures at you while chanting.
You resist with some effort.
You now have 4/9 mp.
Aim: an orc wizard, wielding a +0 dagger and wearing a +0 robe (almost dead, chance to defeat MR: 75%)
The orc wizard writhes in agony.
The orc wizard casts a spell.
The orc wizard seems to speed up.
You now have 3/9 mp.
Aim: an orc wizard, wielding a +0 dagger and wearing a +0 robe (almost dead, fast)
Your health is already full.
Aim: an orc wizard, wielding a +0 dagger and wearing a +0 robe (almost dead, fast)
Your health is already full.
Aim: an orc wizard, wielding a +0 dagger and wearing a +0 robe (almost dead, fast)
Your health is already full.
Unknown command.
Aim: an orc wizard, wielding a +0 dagger and wearing a +0 robe (almost dead, fast, chance to defeat MR: 75%)
The orc wizard writhes in agony!
You kill the orc wizard!
Health restored: 34 You now have 2/9 mp.
You see here 14 stones.
Aim: an orc, wielding a +0 short sword and wearing a +0 leather armour (chance to defeat MR: 87%)
The orc writhes in agony!
You kill the orc!
An orc comes into view. It is wielding a +0 flail.
The orc misses you.
You closely miss the orc. The orc barely misses you.
You closely miss the orc. The orc closely misses you.
You hit the orc.
Your weapon exudes an aura of protection.
The orc hits you but does no damage.
You hit the orc.
You kill the orc!
Items here: )) [ † a +0 mace; a +0 short sword; a +0 leather armour; an orc corpse
Aim: an orc, wielding a +0 flail (hasn't noticed you, chance to defeat MR: 87%)
The orc shouts!
The orc writhes in agony.
You now have 3/9 mp.
Aim: an orc, wielding a +0 flail (lightly wounded, chance to defeat MR: 87%)
The orc barely resists.
You now have 2/9 mp.
Aim: an orc, wielding a +0 flail (lightly wounded, chance to defeat MR: 87%)
The orc writhes in agony.
You kill the orc!
You now have 1/9 mp.
No target in view!
No target in view!
You start resting.
MP restored: 9 You miscast Animate Dead.
You are very lightly contaminated with residual magic.
Flickering shadows surround you.
You now have 5/9 mp.
You call on the dead to rise...
The dead are walking!
The shadow slips into darkness.
The shadow flickers and vanishes!
Deactivating autopickup; reactivate with Ctrl-A.
You now have 1/9 mp.
The shadow slips into darkness.
The shadow flickers and vanishes!
Your orc zombie misses something.
The shadow strikes at you from the darkness!
Ouch! That really hurt!
Reactivating autopickup.
You take 17 damage, and have 17/34 hp.
MASSIVE DAMAGE!!
The shadow slips into darkness.
The shadow flickers and vanishes!
Deactivating autopickup; reactivate with Ctrl-A.
The shadow strikes at you from the darkness!
* * * LOW HITPOINT WARNING * * *
Reactivating autopickup.
You take 15 damage, and have 2/34 hp.
MASSIVE DAMAGE!!
Your orc zombie closely misses something.
The shadow slips into darkness.
The shadow flickers and vanishes!
Deactivating autopickup; reactivate with Ctrl-A.
As you read the scroll of teleportation, it crumbles to dust.
You feel strangely unstable.
Your orc zombie closely misses something.
Your orc zombie barely misses something.
The shadow strikes at you from the darkness!
Ouch! That really hurt!
You die...

...#....#....#
........#....#
#Z..Z)..# #.#Z###.###
#.#.# #.##
#.#.###(.##
#.#.##....#
#.#.##....#
#.#@##....#
#######.#.##....##
####.........#####..#
#.....####.......##.#
#.....# ######.....#
#.....# #<#......#
#.....# #.#....#.#
#.....# #.#....#.#
#..†..# #$#....#..


You could see 2 friendly orc zombies.

Vanquished Creatures
  An orc wizard (D:3)
  4 adders
  3 worms (D:2)
  5 orcs (D:3)
  A ball python (D:1)
  6 bats
  3 giant cockroaches
  3 goblins
  3 hobgoblins
  2 frilled lizards
  3 kobolds
  3 rats
37 creatures vanquished.

Vanquished Creatures (others)
  10 toadstools (D:3)
10 creatures vanquished.

Grand Total: 47 creatures vanquished

Notes
Turn   | Place    | Note
-------+----------+-------------------------------------------
     0 | D:1      | paralogiki the Mummy Necromancer began the quest for the
                  | Orb.
     0 | D:1      | Reached XP level 1. HP: 13/13 MP: 4/4
   212 | D:1      | Learned a level 1 spell: Animate Skeleton
   377 | D:1      | Reached XP level 2. HP: 20/20 MP: 1/5
   379 | D:1      | Reached skill level 1 in Fighting
   731 | D:1      | Reached skill level 3 in Spellcasting
  1187 | D:2      | Found a hazy altar of Hepliaklqana.
  1255 | D:2      | Reached XP level 3. HP: 16/26 MP: 0/7
  1263 | D:2      | Learned a level 3 spell: Vampiric Draining
  1539 | D:2      | Reached skill level 2 in Fighting
  2218 | D:3      | Reached XP level 4. HP: 33/33 MP: 1/9
  2224 | D:3      | Learned a level 4 spell: Animate Dead
  2394 | D:3      | Noticed a shadow
  2394 | D:3      | Noticed a shadow
  2402 | D:3      | HP: 2/34 [something (15)]
  2406 | D:3      | Annihilated by a shadow

Levels and vault maps discovered:
D:1:      co_arrival_random_square_maze, layout_basic
D:2:      layout_loops_ring, lemuel_coloured_pillars_altar
D:3:      cheibrodos_fertilizer, layout_basic, uniq_terence

Skill      XL: |  1  2  3 |
---------------+----------+-----
Fighting       | 1 2 |  2.5
Spellcasting   | 3 |  3.6
Dodging        | |  1.5
Stealth        | |  1.5
Necromancy     | |  4.9

Action                   |  1- 3 |  4- 6 || total
-------------------------+-------+-------++-------
Melee: Dagger            |    20 |     4 ||    24
 Cast: Pain              |    80 |    12 ||    92
       Animate Skeleton  |     4 |       ||     4
       Animate Dead      |       |     1 ||     1
  Use: Scroll            |     4 |     1 ||     5
Armor: Robe              |    15 |     1 ||    16
Dodge: Dodged            |    30 |     3 ||    33

Table legend:
 A = Non-vault XP
 B = Vault XP
 C = Vault XP percentage of total XP
 D = Non-vault monster count
 E = Vault monster count
 F = Vault count percentage of total count
                 A         B        C        D         E       F
            +---------+---------+-------+---------+---------+-------
      Total |     162 |       0 |   0.0 |      37 |       0 |   0.0
            +---------+---------+-------+---------+---------+-------
        D:1 |      23 |       0 |   0.0 |      15 |       0 |   0.0
        D:2 |      61 |       0 |   0.0 |      11 |       0 |   0.0
        D:3 |      78 |       0 |   0.0 |      11 |       0 |   0.0
            +---------+---------+-------+---------+---------+-------

Levels and vault maps discovered:
D:1:      co_arrival_random_square_maze, layout_basic
D:2:      layout_loops_ring, lemuel_coloured_pillars_altar
D:3:      cheibrodos_fertilizer, layout_basic, uniq_terence

Table legend:
 A = Turns spent in this place as a percentage of turns spent in the entire game.
 B = Non-inter-level travel turns spent in this place as a percentage of non-inter-level travel turns spent in the entire game.
 C = Inter-level travel turns spent in this place as a percentage of turns spent in this place.
 D = Turns resting spent in this place as a percentage of non-inter-level travel turns spent in this place.
 E = Turns spent auto-exploring this place as a percentage of non-inter-level travel turns spent in this place.
 F = Non-inter-level travel turns spent in this place divided by the number of levels of this place that you've seen.
                   A       B       C       D       E      F
               +-------+-------+-------+-------+-------+----------------------
         Total | 100.0 | 100.0 |   4.4 |  28.2 |  58.8 | 767.0
       Dungeon | 100.0 | 100.0 |   4.4 |  28.2 |  58.8 | 767.0
               +-------+-------+-------+-------+-------+----------------------

Table legend:
 A = Kills in this place as a percentage of kills in entire the game.
 B = Kills by you in this place as a percentage of kills by you in the entire game.
 C = Kills by friends in this place as a percentage of kills by friends in the entire game.
 D = Other kills in this place as a percentage of other kills in the entire game.
 E = Experience gained in this place as a percentage of experience gained in the entire game.
 F = Experience gained in this place divided by the number of levels of this place that you have seen.
                   A       B       C       D       E      F
               +-------+-------+-------+-------+-------+----------------------
         Total | 100.0 | 100.0 |   N/A |   N/A | 100.0 |  54.0
       Dungeon | 100.0 | 100.0 |   N/A |   N/A | 100.0 |  54.0
               +-------+-------+-------+-------+-------+----------------------
